[Event "Titled Tuesday Blitz October 5 2021"]
[White "Madaminov, Mukhiddin"]
[Black "Martinez Reyes, Pedro Ramon"]
[WhiteFideId "14210703"]
[BlackFideId "3901807"]
[WhiteElo "1855"]
[BlackElo "2410"]
[Result "1-0"]
[Round "08"]
[TimeControl "180+1"]
[Date "2021.10.05"]
[WhiteClock "0:00:07"]
[BlackClock "0:00:06"]

1. e4 c5 2. Nf3 Nc6 3. Nc3 g6 4. d4 cxd4 5. Nxd4 Bg7 6. Be3 Nf6 7. Nxc6 bxc6 8. e5 Ng8 9. Bd4 Qa5 10. e6 Bxd4 11. Qxd4 Nf6 12. exf7+ Kxf7 13. Bc4+ d5 14. Bb3 e5 15. Qa4 Qxa4 16. Nxa4 Be6 17. O-O-O Ne4 18. Rhe1 Kf6 19. f3 Nd6 20. Nc5 Rhe8 21. Rd2 Rad8 22. Ba4 Rc8 23. Rde2 Nf7 24. Re3 Re7 25. h4 h5 26. a3 Bf5 27. Rf1 Kg7 28. Rfe1 Kf6 29. R3e2 Nd6 30. Rf2 Kg7 31. Rg1 Rf7 32. Re2 Re7 33. g4 hxg4 34. fxg4 Be4 35. Rf1 Rf7 36. Ne6+ Kg8 37. Ref2 Rxf2 38. Rxf2 Nf7 39. Kd2 Nd6 40. Ke1 Nc4 41. b4 Ne3 42. g5 Nf5 43. Nc5 Nxh4 44. Nxe4 dxe4 45. Bb3+ Kh8 46. Rh2 Kg7 47. Rxh4 c5 48. Rxe4 cxb4 49. axb4 Rb8 50. Rxe5 Rxb4 51. Re7+ Kh8 52. Re8+ Kh7 53. Ra8 Rb7 54. Kd2 Re7 55. Bd5 a5 56. c4 a4 57. Rxa4 Kh8 58. Kd3 Kh7 59. Kd4 Rd7 60. Kc5 Kh8 61. Kc6 Ra7 62. Rb4 Ra8 63. Kc5 Rc8+ 64. Kd4 Rd8 65. Rb5 Kh7 66. Ke5 Rb8 67. Rxb8 Kg7 68. Rb7+ Kh8 69. Bh1 Kg8 70. Kf6 Kh8 71. Kxg6 Kg8 72. Rb8# 1-0


[Site "https://www.chess.com"]

[Event "Titled Tuesday Blitz October 5 2021"]
[White "Maksimenko, Viktor"]
[Black "Petrova, Irina"]
[WhiteFideId "13710478"]
[BlackFideId "14124122"]
[WhiteElo "2269"]
[BlackElo "2042"]
[Result "1-0"]
[Round "08"]
[TimeControl "180+1"]
[Date "2021.10.05"]
[WhiteClock "0:02:04"]
[BlackClock "0:01:19"]

1. d4 d6 2. e4 Nf6 3. Nc3 e5 4. Nf3 exd4 5. Nxd4 Be7 6. Be2 O-O 7. O-O Re8 8. f4 Bf8 9. Bf3 c5 10. Nb3 Nc6 11. Re1 a5 12. a4 Nb4 13. Nb5 h5 14. h3 d5 15. e5 Nh7 16. c3 c4 17. N3d4 Nd3 18. Rf1 g6 19. Be2 Bf5 20. Nxf5 gxf5 21. Bxd3 cxd3 22. Qxd3 f6 23. Qxf5 fxe5 24. fxe5 Bc5+ 25. Kh1 Rf8 26. Qg6+ Kh8 27. Bh6 Rxf1+ 28. Rxf1 Qe7 29. Rf7 1-0


[Site "https://www.chess.com"]

[Event "Titled Tuesday Blitz October 5 2021"]
[White "Maksimovic, Bojan"]
[Black "Holt, Conrad"]
[WhiteFideId "14408120"]
[BlackFideId "2034387"]
[WhiteElo "2439"]
[BlackElo "2586"]
[Result "1-0"]
[Round "08"]
[TimeControl "180+1"]
[Date "2021.10.05"]
[WhiteClock "0:01:07"]
[BlackClock "0:00:12"]

1. e4 e6 2. d4 d5 3. Nc3 Nf6 4. Bg5 dxe4 5. Nxe4 Be7 6. Bxf6 Bxf6 7. Nf3 Nd7 8. Qd2 O-O 9. O-O-O Be7 10. Bd3 b6 11. Ne5 Bb7 12. Qe3 c5 13. Bb5 Nxe5 14. dxe5 Qc8 15. Rd7 Bxe4 16. Qxe4 Bg5+ 17. f4 Bh6 18. g3 a6 19. Bc6 Rb8 20. Rhd1 b5 21. Bb7 Qe8 22. h4 c4 23. Kb1 c3 24. b3 a5 25. a3 g6 26. Ka2 Bg7 27. g4 f5 28. exf6 Rxf6 29. Rc7 Rd8 30. Rxd8 Qxd8 31. Rc8 Qxc8 32. Bxc8 1-0


[Site "https://www.chess.com"]

[Event "Titled Tuesday Blitz October 5 2021"]
[White "Maly, Alexey"]
[Black "Papasimakopoulos, Alexandros"]
[WhiteFideId "14103184"]
[BlackFideId "4244125"]
[WhiteElo "2294"]
[BlackElo "2352"]
[Result "1-0"]
[Round "08"]
[TimeControl "180+1"]
[Date "2021.10.05"]
[WhiteClock "0:02:12"]
[BlackClock "0:02:15"]

1. d4 e6 2. c4 Nf6 3. Nf3 Bb4+ 4. Nbd2 b6 5. g3 Bb7 6. Bg2 O-O 7. O-O Bxd2 8. Qxd2 Be4 9. b3 d6 10. Bb2 Nbd7 11. Rac1 a5 12. Rfd1 Qe7 13. Ne1 Bxg2 14. Nxg2 e5 15. dxe5 dxe5 16. Ne3 Rfd8 17. Nd5 Nxd5 18. Qxd5 Kf8 19. Qc6 Nf6 20. c5 Rxd1+ 21. Rxd1 Qxc5 22. Qxa8+ 1-0


[Site "https://www.chess.com"]

[Event "Titled Tuesday Blitz October 5 2021"]
[White "Martin Carmona, Gaston Manuel"]
[Black "Bach, Matthias"]
[WhiteFideId "22284567"]
[BlackFideId "4603168"]
[WhiteElo "2161"]
[BlackElo "2165"]
[Result "1/2-1/2"]
[Round "08"]
[TimeControl "180+1"]
[Date "2021.10.05"]
[WhiteClock "0:00:58"]
[BlackClock "0:00:17"]

1. d4 Nf6 2. Nf3 c5 3. e3 b6 4. Bd3 Ba6 5. O-O Bxd3 6. Qxd3 g6 7. c4 Bg7 8. Nc3 d6 9. d5 O-O 10. e4 Ng4 11. h3 Ne5 12. Nxe5 Bxe5 13. f4 Bg7 14. Bd2 Nd7 15. Rae1 a6 16. a4 Qc7 17. e5 dxe5 18. f5 Rad8 19. Ne4 Nf6 20. Bg5 gxf5 21. Rxf5 Nxe4 22. Qxe4 Rd6 23. Ref1 Rg6 24. Bd2 Qd7 25. Rh5 e6 26. Bc3 exd5 27. cxd5 f6 28. Rhf5 Rd8 29. Rd1 b5 30. axb5 axb5 31. d6 b4 32. Be1 Qe6 33. Bh4 Rd7 34. Qd3 c4 35. Qe4 c3 36. bxc3 bxc3 37. Rf3 Rxd6 38. Rxd6 Qxd6 39. Rxc3 Qd4+ 40. Qxd4 exd4 41. Rc8+ Kf7 42. Rd8 f5 43. Rd7+ Ke6 44. Rd8 Be5 45. Bf2 f4 46. Bxd4 Bxd4+ 47. Rxd4 Ke5 48. Rd3 Ke4 49. Rf3 Rg3 50. Rf1 f3 51. Rxf3 Rxf3 52. gxf3+ Kxf3 53. h4 Kg4 54. h5 Kxh5 55. Kh1 Kg4 56. Kh2 h5 57. Kh1 h4 58. Kh2 h3 59. Kh1 Kh4 60. Kh2 Kg4 61. Kh1 Kg3 62. Kg1 h2+ 63. Kh1 Kh3 1/2-1/2


[Site "https://www.chess.com"]

[Event "Titled Tuesday Blitz October 5 2021"]
[White "Martinovici, Ilia"]
[Black "Ekdyshman, Mikhail"]
[WhiteFideId "13907034"]
[BlackFideId "4149416"]
[WhiteElo "2303"]
[BlackElo "2256"]
[Result "1/2-1/2"]
[Round "08"]
[TimeControl "180+1"]
[Date "2021.10.05"]
[WhiteClock "0:00:06"]
[BlackClock "0:00:02"]

1. d4 Nf6 2. c4 c5 3. d5 b5 4. Nd2 a6 5. b3 g6 6. Bb2 Bg7 7. e4 bxc4 8. Bxc4 d6 9. Ne2 O-O 10. Qc2 Nbd7 11. O-O Nb6 12. f4 Re8 13. Rad1 Bg4 14. Nf3 Rb8 15. e5 Nfd7 16. Bc3 Nxc4 17. bxc4 Bxf3 18. Rxf3 dxe5 19. f5 Rb6 20. Rdf1 Rf6 21. Ng3 e6 22. fxe6 Rxf3 23. Rxf3 fxe6 24. d6 Nb8 25. Ne4 Nc6 26. Qd3 Nd4 27. Rf1 Rf8 28. Rxf8+ Bxf8 29. d7 Be7 30. Bxd4 exd4 31. Qg3 Qxd7 32. Qb8+ Kg7 33. Qe5+ Kg8 34. Qb8+ Kg7 35. Qe5+ Kg8 36. Qb8+ 1/2-1/2


[Site "https://www.chess.com"]

[Event "Titled Tuesday Blitz October 5 2021"]
[White "Moroni, Luca Jr"]
[Black "Bortnyk, Olexandr"]
[WhiteFideId "865834"]
[BlackFideId "14120828"]
[WhiteElo "2491"]
[BlackElo "2723"]
[Result "1-0"]
[Round "08"]
[TimeControl "180+1"]
[Date "2021.10.05"]
[WhiteClock "0:01:52"]
[BlackClock "0:00:11"]

1. d4 f5 2. c4 Nf6 3. g3 d6 4. Bg2 g6 5. b3 e5 6. dxe5 dxe5 7. Qxd8+ Kxd8 8. Bb2 Nbd7 9. Nf3 e4 10. Ne5 Bb4+ 11. Nd2 Bxd2+ 12. Kxd2 Ke7 13. Nxd7 Bxd7 14. Rad1 Bc6 15. f3 Rhd8+ 16. Ke3 exf3 17. exf3 Kf7 18. Rhe1 Ng4+ 19. fxg4 Bxg2 20. gxf5 gxf5 21. Kf4 Be4 22. g4 Bc2 23. Rxd8 Rxd8 24. gxf5 Rd2 25. f6 Bxb3 26. Re7+ Kg6 27. Rg7+ Kh6 28. Bc1 Rd1 29. Be3 Bc2 30. Kg4# 1-0


[Site "https://www.chess.com"]

[Event "Titled Tuesday Blitz October 5 2021"]
[White "Mujumdar, Sameer"]
[Black "Roman, Rodrigo"]
[WhiteFideId "2029707"]
[BlackFideId "3701220"]
[WhiteElo "2104"]
[BlackElo "2036"]
[Result "0-1"]
[Round "08"]
[TimeControl "180+1"]
[Date "2021.10.05"]
[WhiteClock "0:00:32"]
[BlackClock "0:00:57"]

1. d4 a6 2. c4 b5 3. Nf3 Bb7 4. e3 bxc4 5. Bxc4 e6 6. O-O Nf6 7. Nc3 d5 8. Bd3 Nbd7 9. Qa4 c5 10. dxc5 Bxc5 11. e4 dxe4 12. Nxe4 Nxe4 13. Bxe4 Bxe4 14. Qxe4 O-O 15. Rd1 Nf6 16. Qc2 Qb6 17. Bg5 Nd5 18. a3 a5 19. Rac1 Rfc8 20. Qe2 a4 21. Ne5 Bd6 22. Nc4 Qb5 23. Qe4 Bf8 24. Bh4 Rc6 25. Rc2 Rac8 26. Rdc1 f5 27. Qd4 e5 28. Qd3 Nf4 29. Qf1 e4 30. Ne3 Qxf1+ 31. Kxf1 Rxc2 32. Rxc2 Rxc2 33. Nxc2 Nd3 34. Ne3 g6 35. Nd1 Bg7 36. Nc3 Nxb2 37. Nd5 Bd4 38. Ke2 Nc4 39. Be7 Bb2 0-1


[Site "https://www.chess.com"]

[Event "Titled Tuesday Blitz October 5 2021"]
[White "Nakamura, Hikaru"]
[Black "Pridorozhni, Aleksei"]
[WhiteFideId "2016192"]
[BlackFideId "4127870"]
[WhiteElo "2884"]
[BlackElo "2565"]
[Result "1-0"]
[Round "08"]
[TimeControl "180+1"]
[Date "2021.10.05"]
[WhiteClock "0:00:11"]
[BlackClock "0:00:07"]

1. Nf3 Nf6 2. e3 d5 3. c4 e6 4. b3 b6 5. Bb2 Bb7 6. cxd5 exd5 7. d4 Be7 8. Bd3 O-O 9. O-O Nbd7 10. Nc3 c5 11. dxc5 bxc5 12. Rc1 Nb6 13. Ne2 Rc8 14. Bf5 Rc7 15. Ng3 Re8 16. Bb1 Bf8 17. Be5 Rc6 18. Bd3 Rce6 19. Bb2 Nbd7 20. Qc2 Qa5 21. Ng5 g6 22. Nxe6 Rxe6 23. Rfd1 Bg7 24. Ne2 Re7 25. Nf4 h5 26. Be2 d4 27. Bc4 Kh7 28. exd4 cxd4 29. Bf1 Qg5 30. Rxd4 Ng4 31. Rb4 Bxb2 32. Qxb2 Nde5 33. Nh3 Qh4 34. Rc3 Rd7 35. Qe2 Re7 36. Qc2 Bd5 37. Rc7 Re8 38. Rf4 Rd8 39. g3 1-0


[Site "https://www.chess.com"]

[Event "Titled Tuesday Blitz October 5 2021"]
[White "Navalgund, Niranjan"]
[Black "Shkapenko, Pavel"]
[WhiteFideId "5030854"]
[BlackFideId "4151933"]
[WhiteElo "2290"]
[BlackElo "2386"]
[Result "1/2-1/2"]
[Round "08"]
[TimeControl "180+1"]
[Date "2021.10.05"]
[WhiteClock "0:00:29"]
[BlackClock "0:00:03"]

1. b3 e5 2. Bb2 Nc6 3. e3 d6 4. Bb5 Bd7 5. Nf3 Nf6 6. O-O Be7 7. d4 exd4 8. Nxd4 Nxd4 9. Bxd7+ Qxd7 10. Qxd4 O-O 11. c4 d5 12. cxd5 Qxd5 13. Rd1 Rad8 14. Qxd5 Nxd5 15. Nc3 Nxc3 16. Bxc3 f6 17. Kf1 Kf7 18. Ke2 Ke6 19. Rac1 Ba3 20. Rb1 Rxd1 21. Rxd1 Bd6 22. f4 g6 23. g4 f5 24. g5 a5 25. Kf3 Ra8 26. h4 a4 27. b4 Ra6 28. h5 Rc6 29. hxg6 hxg6 30. Rd3 Rc4 31. a3 b5 32. Ke2 c5 33. bxc5 Bxc5 34. Bd2 Rc2 35. Kd1 Ra2 36. Rc3 Kd5 37. Bc1 Kd6 38. Rd3+ Ke6 39. Rc3 Kd5 40. Rd3+ Kc4 41. Rd8 Bxa3 42. Bd2 b4 43. Rc8+ Kd3 44. Rd8+ Ke4 45. Ke2 Bb2 46. Re8+ Kd5 47. Kd3 b3 48. Rb8 Bg7 49. Rb7 Bf8 50. Bc3 Bd6 51. Rg7 b2 52. Kc2 a3 53. Rxg6 Ra1 54. Bxb2 Ra2 55. Rf6 Rxb2+ 56. Kc1 Rb3 57. Rxf5+ Ke4 58. Ra5 Kxe3 59. f5 Bf4 60. Kc2 Rb2+ 61. Kc3 Rb8 62. Rxa3 Bxg5 63. Ra6 Rf8 64. f6 Bxf6+ 65. Kc4 Ke4 66. Re6+ Be5 67. Rc6 Rd8 68. Rh6 Rd1 69. Rh4+ Bf4 70. Kc5 Rd7 71. Kc6 Rc7+ 72. Kb6 Rc4 73. Kb5 Rc2 74. Kb4 Ke5 75. Kb3 Rc6 76. Kb4 Bd2+ 77. Kb3 Rc3+ 78. Kb2 Rf3 79. Kc2 Bg5 80. Ra4 Bf6 81. Kd2 Kd5 82. Ke2 Rb3 83. Ra8 Ke4 84. Ra4+ Bd4 85. Ra2 Rh3 86. Rc2 Rh2+ 87. Kd1 Bf2 88. Re2+ Kd3 89. Rd2+ Ke3 90. Re2+ Kf3 91. Rd2 Rh4 92. Kc2 Rb4 93. Rd3+ Ke2 94. Rb3 Rc4+ 95. Rc3 Rxc3+ 96. Kxc3 1/2-1/2


[Site "https://www.chess.com"]

[Event "Titled Tuesday Blitz October 5 2021"]
[White "Nenezic, Marko"]
[Black "Sydoryka, Vladyslav"]
[WhiteFideId "912123"]
[BlackFideId "14145928"]
[WhiteElo "2484"]
[BlackElo "2282"]
[Result "0-1"]
[Round "08"]
[TimeControl "180+1"]
[Date "2021.10.05"]
[WhiteClock "0:00:57"]
[BlackClock "0:00:02"]

1. Nf3 d5 2. g3 Bg4 3. Bg2 Nd7 4. O-O c6 5. d3 e5 6. Qe1 Ngf6 7. e4 dxe4 8. dxe4 Bc5 9. h3 Be6 10. Nbd2 h6 11. Nh4 O-O 12. Qe2 Qc7 13. Nb3 Bb6 14. a4 a5 15. Be3 Rad8 16. Nf5 Rfe8 17. Rfd1 Bxe3 18. Qxe3 b6 19. Rd2 Nf8 20. Rad1 Rxd2 21. Qxd2 Bc4 22. Qd6 Qb7 23. Nxh6+ Kh7 24. Nf5 Ng6 25. Qd2 Qc7 26. h4 Nf8 27. Qe3 Ne6 28. Nd2 Rd8 29. Re1 Ba6 30. Nf3 Ng4 31. Ng5+ Kg8 32. Qf3 Nf6 33. Nxe6 fxe6 34. Ne3 c5 35. Bh3 Qc6 36. Ng4 Nxg4 37. Qxg4 Bb7 38. Qxe6+ Qxe6 39. Bxe6+ Kf8 40. Bd5 Bxd5 41. Rd1 Ke7 42. Rxd5 Rxd5 43. exd5 c4 44. h5 Kd6 45. Kg2 b5 46. axb5 c3 47. bxc3 a4 48. b6 a3 49. c4 a2 50. c5+ Kd7 51. b7 Kc7 0-1


[Site "https://www.chess.com"]

[Event "Titled Tuesday Blitz October 5 2021"]
[White "Nguyen Hong Nhung"]
[Black "Liyanage, Ranindu Dilshan"]
[WhiteFideId "12412201"]
[BlackFideId "9915834"]
[WhiteElo "1661"]
[BlackElo "1839"]
[Result "0-1"]
[Round "08"]
[TimeControl "180+1"]
[Date "2021.10.05"]
[WhiteClock "0:00:07"]
[BlackClock "0:00:14"]

1. e4 c5 2. Nc3 a6 3. Nf3 d6 4. d4 cxd4 5. Nxd4 Nf6 6. Be3 e5 7. Nb3 Be7 8. Be2 Be6 9. O-O Nbd7 10. f3 Rc8 11. Qe1 O-O 12. Rd1 Qc7 13. Qf2 b5 14. Rd2 b4 15. Nd5 Bxd5 16. exd5 a5 17. Bb5 Bd8 18. Rfd1 Qb8 19. Ba6 Rc7 20. Nxa5 Qa8 21. Qe2 Ra7 22. Bxa7 Qxa7+ 23. Kh1 Bxa5 24. Bc4 Nc5 25. b3 Bb6 26. Qe1 e4 27. Re2 exf3 28. gxf3 Qb8 29. Qxb4 Qd8 30. a4 Ncd7 31. Qxd6 Bc5 32. Qg3 Nh5 33. Qg4 Ndf6 34. Qg5 h6 35. Qf5 g6 36. Qe5 Re8 37. Qc3 Bd6 38. Rg2 Nf4 39. Rf2 Qb6 40. Rdf1 N6xd5 41. Bxd5 Nxd5 42. Qd2 Bf4 43. Qxd5 Re5 44. Qd7 Rh5 45. Qc8+ Kg7 46. Qg4 Qd6 0-1


[Site "https://www.chess.com"]

[Event "Titled Tuesday Blitz October 5 2021"]
[White "Nilsen, Tobias Lang"]
[Black "Hamidi, Amir Mohammad"]
[WhiteFideId "1521624"]
[BlackFideId "12563285"]
[WhiteElo "1975"]
[BlackElo "2239"]
[Result "0-1"]
[Round "08"]
[TimeControl "180+1"]
[Date "2021.10.05"]
[WhiteClock "0:00:47"]
[BlackClock "0:00:22"]

1. e4 e6 2. d4 d5 3. Nd2 Be7 4. Ngf3 Nf6 5. e5 Nfd7 6. Bd3 c5 7. c3 b6 8. O-O Ba6 9. Bxa6 Nxa6 10. Ne1 Nc7 11. f4 g6 12. Ndf3 c4 13. Nc2 b5 14. g4 a6 15. Kf2 Nb6 16. Ke2 Kd7 17. Ne3 h5 18. h3 hxg4 19. hxg4 Rh3 20. Rh1 Qh8 21. Rxh3 Qxh3 22. Qg1 Rh8 23. Bd2 Na4 24. b3 Nb2 25. Nd1 Nd3 26. Nf2 Nxf2 27. Kxf2 Rh4 28. Nxh4 Bxh4+ 29. Ke2 Qd3+ 30. Kd1 b4 31. Rc1 Nb5 32. Qe3 Nxc3+ 33. Rxc3 Qf1+ 34. Kc2 bxc3 35. Qxc3 Be7 36. Qa5 Qd3+ 37. Kd1 Qxd4 38. Qa4+ Kc7 39. Qxa6 Bb4 40. Ke2 Qxd2+ 41. Kf3 Qd3+ 42. Kg2 Qe2+ 43. Kh3 Qf3+ 44. Kh4 Be7+ 45. g5 Qxf4+ 46. Kh3 Qf5+ 47. Kg2 Qxg5+ 48. Kf3 Qf5+ 49. Ke2 Qxe5+ 50. Kf3 Qd6 51. Qa7+ Kd8 52. Qa8+ Kd7 53. Qb7+ Qc7 54. Qb5+ Kd6 55. Qa6+ Ke5 56. Qa8 Bf6 57. Qa6 c3 58. Qe2+ Kd6 59. Qc2 Ke7 60. b4 Qc4 61. Qa4 Qe4+ 62. Kg3 Kf8 63. Qa8+ Kg7 64. a3 c2 65. Qc6 Bb2 66. b5 c1=Q 67. Qxc1 Bxc1 68. b6 Qe3+ 69. Kg2 Qxb6 70. a4 Qb3 71. a5 Be3 72. a6 Ba7 73. Kh1 d4 74. Kg2 Qe3 75. Kh2 Qg5 76. Kh3 Kf6 77. Kh2 Kf5 78. Kh3 Kf4 79. Kh2 Kf3 80. Kh1 Qg2# 0-1


[Site "https://www.chess.com"]

[Event "Titled Tuesday Blitz October 5 2021"]
[White "Onyshchuk, Volodymyr"]
[Black "Andreikin, Dmitry"]
[WhiteFideId "14114038"]
[BlackFideId "4158814"]
[WhiteElo "2603"]
[BlackElo "2736"]
[Result "1/2-1/2"]
[Round "08"]
[TimeControl "180+1"]
[Date "2021.10.05"]
[WhiteClock "0:00:13"]
[BlackClock "0:00:35"]

1. e4 e5 2. Nf3 Nc6 3. Bc4 Bc5 4. d3 Nf6 5. c3 O-O 6. Nbd2 a6 7. O-O Ba7 8. Bb3 h6 9. Re1 Re8 10. h3 d6 11. Nf1 Be6 12. Bc2 d5 13. exd5 Bxd5 14. Ng3 Qd7 15. b4 Rad8 16. a4 Bxf3 17. Qxf3 e4 18. Nxe4 Nxe4 19. Rxe4 Rxe4 20. dxe4 Qd6 21. Bf4 Qf6 22. Rd1 Rxd1+ 23. Bxd1 Ne5 24. Bxe5 Qxe5 25. Bb3 Qf6 26. Qg3 g5 27. e5 Qf5 28. Bc4 c6 29. e6 fxe6 30. a5 Kg7 31. h4 Kf6 32. hxg5+ hxg5 33. Bd3 Qe5 34. Qf3+ Ke7 35. Bf1 Qf4 36. Qxf4 gxf4 37. Bd3 Bb8 38. c4 Bd6 39. b5 Bc5 40. Kf1 Kd6 41. Ke2 Bb4 42. bxa6 bxa6 43. c5+ Kxc5 44. Bxa6 Bxa5 45. f3 Kd4 46. Bd3 c5 47. Be4 c4 48. Kd1 Ke3 49. Kc2 Kf2 50. Bc6 Kxg2 51. Be4 Kf2 52. Bc6 Ke3 53. Be4 e5 54. Bc6 Kd4 55. Be4 Bb6 56. Bc6 Bc5 57. Be4 Bd6 58. Bb7 Bc5 59. Be4 Be7 60. Bb7 Bh4 61. Be4 Bf2 62. Bc6 Be1 63. Be4 Bb4 64. Bc6 Ba5 65. Be4 c3 66. Bb7 Ke3 67. Be4 Kd4 68. Bb7 Bb4 69. Be4 Kc4 70. Bb7 Bc5 71. Be4 Bd4 72. Bb7 Be3 73. Be4 Bd2 74. Bf5 Kd4 75. Be4 Ke3 76. Bc6 Ke2 77. Be4 Ke1 78. Bc6 Kf2 79. Be4 Kf1 80. Bc6 Kg2 81. Bd5 Kg1 82. Be4 Kh2 83. Bd5 Kg3 84. Be4 Kf2 85. Bd5 Ke3 86. Be4 Kd4 87. Bc6 Ke3 88. Be4 Kd4 89. Bc6 Ke3 90. Be4 1/2-1/2


[Site "https://www.chess.com"]

[Event "Titled Tuesday Blitz October 5 2021"]
[White "Pacheco Lugo, Alejandro Jose"]
[Black "Skuhala, Barbara"]
[WhiteFideId "3903745"]
[BlackFideId "14605465"]
[WhiteElo "2125"]
[BlackElo "2121"]
[Result "0-1"]
[Round "08"]
[TimeControl "180+1"]
[Date "2021.10.05"]
[WhiteClock "0:00:30"]
[BlackClock "0:01:44"]

1. e4 c5 2. Nf3 d6 3. d4 cxd4 4. Nxd4 Nf6 5. Nc3 a6 6. Be3 e5 7. Nb3 Be7 8. f3 Be6 9. Qd2 Nbd7 10. g4 h6 11. O-O-O Rc8 12. h4 b5 13. Rg1 b4 14. Nd5 Bxd5 15. exd5 a5 16. Bb5 Qc7 17. Bc6 Kf8 18. g5 Nh5 19. Qd3 hxg5 20. hxg5 g6 21. Kb1 Nb8 22. Ba4 Nd7 23. Rg2 Nb6 24. Bc6 a4 25. Nd2 a3 26. Qb5 Rb8 27. Qa5 Kg7 28. Nc4 Na8 29. Bxa8 Qxa5 30. Nxa5 Rxa8 31. Nc6 Bd8 32. Nxb4 axb2 33. Nc6 Ba5 34. Kxb2 Nf4 35. Bxf4 exf4 36. c4 Bb6 37. Kb3 Rh3 38. Rd3 Bc5 39. Rg4 Ra3+ 40. Kc2 Rh2+ 41. Rd2 Rxa2+ 0-1


[Site "https://www.chess.com"]

[Event "Titled Tuesday Blitz October 5 2021"]
[White "Pastar, Slaven"]
[Black "Sychev, Klementy"]
[WhiteFideId "14402718"]
[BlackFideId "4114060"]
[WhiteElo "2198"]
[BlackElo "2615"]
[Result "0-1"]
[Round "08"]
[TimeControl "180+1"]
[Date "2021.10.05"]
[WhiteClock "0:00:01"]
[BlackClock "0:00:08"]

1. b3 d5 2. Bb2 Bf5 3. Nf3 Nf6 4. e3 e6 5. Bd3 Bg6 6. Bxg6 hxg6 7. d3 Nbd7 8. Nbd2 Bd6 9. e4 Rh5 10. Qe2 g5 11. e5 g4 12. exf6 gxf3 13. Qxf3 Nxf6 14. g4 Rg5 15. O-O-O Qe7 16. h4 Rxg4 17. Rdg1 Rf4 18. Qe3 d4 19. Qe2 g6 20. Nf3 c5 21. h5 gxh5 22. Rxh5 O-O-O 23. Rh3 Nd5 24. Ne5 Rf5 25. Nc4 Nf4 26. Qg4 Nxh3 27. Qxh3 Rg5 28. Re1 Bf4+ 29. Kb1 Qf6 30. Na5 Rdg8 31. Qf3 Rd5 32. Bc1 Be5 33. Qe4 Bc7 34. Nc4 Qxf2 35. Rd1 Rg1 36. Rd2 Qf1 0-1


[Site "https://www.chess.com"]

[Event "Titled Tuesday Blitz October 5 2021"]
[White "Petesch, Gabriel"]
[Black "Rytenko, Vsevolod"]
[WhiteFideId "2032465"]
[BlackFideId "14133040"]
[WhiteElo "2374"]
[BlackElo "2200"]
[Result "1-0"]
[Round "08"]
[TimeControl "180+1"]
[Date "2021.10.05"]
[WhiteClock "0:00:13"]
[BlackClock "0:00:23"]

1. Nf3 d5 2. e3 c5 3. b3 Nf6 4. Bb2 g6 5. d4 cxd4 6. Nxd4 Bg7 7. Bb5+ Bd7 8. O-O O-O 9. Bxd7 Qxd7 10. Nd2 Nc6 11. c4 Rac8 12. Nxc6 Qxc6 13. Qe2 Rfd8 14. Bd4 a6 15. Rac1 Qd6 16. cxd5 Qxd5 17. Nc4 Qf5 18. Rfd1 e5 19. Nxe5 Rxc1 20. Rxc1 Ne4 21. Nf3 Qa5 22. Bxg7 Kxg7 23. Nd4 h5 24. Qb2 Kh7 25. f3 Ng5 26. h4 Qe5 27. hxg5 Qxe3+ 28. Kf1 Rxd4 29. Re1 Qd3+ 30. Kg1 Qd2 31. Qxd2 Rxd2 32. Re7 Kg7 33. a4 b6 34. Rb7 Rd6 35. Kf2 Rc6 36. Ke2 Rc2+ 37. Kf1 Rc6 38. Kf2 h4 39. Kg1 Kf8 40. Kh2 Kg7 41. Kh3 b5 42. axb5 axb5 43. Rxb5 Rc2 44. Rb7 Rb2 45. b4 Rb3 46. Kxh4 Rb2 47. Kg3 Rb3 48. b5 Rb2 49. b6 Rb3 50. Rb8 Rb4 51. Kf2 Rb5 52. f4 Rb2+ 53. Kg3 Rb3+ 54. Kg4 Rb4 55. Kf3 Rb3+ 56. Ke4 Rb4+ 57. Ke5 Rb5+ 58. Kd6 Rb4 59. Kc7 Rxf4 60. Rd8 Rc4+ 61. Kd6 Rd4+ 62. Kc7 Rc4+ 63. Kb8 Rc5 64. b7 Rxg5 65. Kc7 Rc5+ 66. Kb6 Rc1 67. b8=Q Rb1+ 68. Kc5 Rxb8 69. Rxb8 Kf6 70. Kd4 Kf5 71. Ke3 f6 72. Kf2 g5 73. Rb5+ Kg6 74. Rb6 Kf5 75. g4+ Ke5 76. Rb5+ Kf4 77. Rb4+ Ke5 78. Ke3 f5 79. Rb5+ Ke6 80. Rxf5 1-0


[Site "https://www.chess.com"]

[Event "Titled Tuesday Blitz October 5 2021"]
[White "Potapova, Margarita"]
[Black "Csonka, Balazs"]
[WhiteFideId "14126869"]
[BlackFideId "742910"]
[WhiteElo "2214"]
[BlackElo "2404"]
[Result "0-1"]
[Round "08"]
[TimeControl "180+1"]
[Date "2021.10.05"]
[WhiteClock "0:00:06"]
[BlackClock "0:00:03"]

1. d4 e6 2. c4 Nf6 3. Nc3 d5 4. Nf3 Ne4 5. Qc2 Nxc3 6. bxc3 dxc4 7. e4 b5 8. a4 c6 9. Be2 Be7 10. O-O a6 11. Rd1 Bb7 12. Rb1 Qc7 13. g3 Nd7 14. Bf4 Qc8 15. Qb2 Nb6 16. a5 Nd7 17. Bxc4 O-O 18. Bf1 c5 19. d5 exd5 20. exd5 c4 21. Bg2 Nc5 22. Ne5 Bd6 23. Qc2 Bxe5 24. Bxe5 Rd8 25. Qe2 Nd3 26. Rxd3 cxd3 27. Qxd3 Qd7 28. Rd1 Rac8 29. Qe3 f6 30. Bd4 Qf7 31. Bh3 Bxd5 32. Bb6 Re8 33. Qd4 Be6 34. Bg2 Kh8 35. h4 h6 36. Re1 Bc4 37. Rd1 Qe7 38. Kh2 Qe5 39. Qd7 Qe7 40. Qg4 Be6 41. Qf4 Qf7 42. Rd6 Re7 43. Bf3 Rce8 44. h5 Rd7 45. Bc6 Qxh5+ 46. Kg2 Rxd6 47. Bxe8 Bd5+ 48. f3 Bxf3+ 49. Qxf3 Rd2+ 50. Bf2 Qxe8 51. Kh2 Rd8 52. Qf4 Qd7 53. Bd4 Qd6 54. Qf3 Qd7 55. Kg2 Kg8 56. Kh2 Kh7 57. Qf4 Qd5 58. Qe3 Rd7 59. Qe8 Qf7 60. Qe4+ f5 61. Qe5 Re7 62. Qf4 Qh5+ 63. Kg1 Re1+ 64. Kf2 Qe2# 0-1


[Site "https://www.chess.com"]

[Event "Titled Tuesday Blitz October 5 2021"]
[White "Quintiliano Pinto, Renato R."]
[Black "Bazarov, Konstantin"]
[WhiteFideId "2117568"]
[BlackFideId "4137000"]
[WhiteElo "2439"]
[BlackElo "2084"]
[Result "1-0"]
[Round "08"]
[TimeControl "180+1"]
[Date "2021.10.05"]
[WhiteClock "0:00:08"]
[BlackClock "0:00:02"]

1. Nf3 Nf6 2. c4 c6 3. Nc3 d5 4. e3 a6 5. b3 Bg4 6. h3 Bh5 7. Bb2 Nbd7 8. d4 e6 9. Be2 Bd6 10. O-O O-O 11. Ne5 Bxe2 12. Qxe2 dxc4 13. Nxc4 Bc7 14. Rad1 Re8 15. e4 Rc8 16. e5 Nd5 17. Ne4 Rb8 18. g3 N7b6 19. Rd3 Nb4 20. Rf3 Rf8 21. Ba3 N6d5 22. Bc1 a5 23. a3 Na6 24. Bg5 Qd7 25. Ne3 Bd8 26. Bxd8 Rbxd8 27. Nc4 Qc7 28. Qd2 b6 29. Qe2 c5 30. Ncd6 cxd4 31. Qxa6 f5 32. Ng5 Qd7 33. Qb5 Qxb5 34. Nxb5 Rfe8 35. Nxd4 Nc7 36. Nc6 Rd5 37. h4 h6 38. Nh3 Rc5 39. Nd4 Rxe5 40. Rc1 Nd5 41. Nf4 Nf6 42. Ng6 Re4 43. Nc6 Nd5 44. Rd3 Kh7 45. h5 Nf6 46. Nce5 Nxh5 47. f3 Re2 48. Kf1 Ra2 49. f4 Nf6 50. Rc7 Rxa3 51. Rb7 Ne4 52. Rdd7 Rg8 53. Nh4 Nc5 54. Rxb6 Nxd7 55. Nxd7 Ra2 56. Rb7 Rc2 57. Nf3 Kh8 58. Nfe5 Rb2 59. Ng6+ Kh7 60. Ndf8+ Rxf8 61. Nxf8+ Kg8 62. Nxe6 a4 63. Rxg7+ Kh8 64. Ra7 axb3 65. Rb7 Rb1+ 66. Kg2 b2 67. Nc5 Rd1 68. Rxb2 Rc1 69. Rb8+ Kg7 70. Rb7+ Kf8 71. Nd3 1-0


[Site "https://www.chess.com"]

[Event "Titled Tuesday Blitz October 5 2021"]
[White "Rodchenkov, Vitaly"]
[Black "Piesik, Piotr"]
[WhiteFideId "4152964"]
[BlackFideId "1136194"]
[WhiteElo "2337"]
[BlackElo "2336"]
[Result "0-1"]
[Round "08"]
[TimeControl "180+1"]
[Date "2021.10.05"]
[WhiteClock "0:01:32"]
[BlackClock "0:02:05"]

1. Nf3 g6 2. c4 Bg7 3. Nc3 d6 4. d4 Nd7 5. g3 e5 6. Bg2 Ngf6 7. O-O O-O 8. b3 c6 9. Ba3 exd4 10. Nxd4 Nc5 11. e3 Re8 12. Qc2 Ne6 13. Rad1 Qc7 14. Rfe1 Nxd4 15. exd4 Bf5 16. Qc1 Qd7 17. d5 c5 18. Bb2 a6 19. a4 Rxe1+ 20. Rxe1 Re8 21. h4 h5 22. Bf3 Re7 23. Rxe7 Qxe7 24. Qd2 Nd7 25. Qe2 Qxe2 26. Bxe2 Bc2 27. Bd1 Bxc3 0-1


[Site "https://www.chess.com"]